Map: New Repugnancy LE

Players

ZPR - Winner!

  • Race: Zerg Zerg
  • League: Master
  • Spawn Location: 7:00

Exited

  • Race: Protoss Protoss
  • League: Master
  • Spawn Location: 1:00

VOD

Have the link to the VOD?

Description

Time

  • Played on: Aug. 3, 2019, 7:10 a.m.
  • Length: 8:45
Show
View Real Time Build Order
Export as new Build Order

ZPR Zerg - Winner!

Build Orders: Pool First 

Get SALT Encoding   

  12  0:17  Spawning Pool  
  11  0:22  Drone  
  11  0:27  Drone  
  13  0:31  Drone  
  14  0:40  Overlord  
  14  1:03  Queen  
  16  1:04  Zergling x4  
  16  1:05  Zergling x2  
  19  1:16  Zergling x2  
  20  1:31  Hatchery  
  19  1:38  Overlord  
  19  1:48  Drone  
  19  1:51  Drone  
  21  2:03  Drone  
  19  2:13  Drone x4  
  23  2:25  Drone  
  23  2:28  Queen  
  26  2:34  Drone  
  27  2:44  Queen  
  27  2:48  Drone x4  
  33  2:59  Drone x2  
  35  3:11  Overlord  
  35  3:12  Drone  
  35  3:14  Extractor  
  35  3:16  Drone x2  
  36  3:24  Overlord  
  36  3:33  Queen  
  36  3:34  Spine Crawler, Queen  
  38  3:35  Spine Crawler  
  38  3:39  Zergling x6  
  36  3:51  Drone x4  
  40  4:01  Drone x3  
  42  4:12  Queen  
  42  4:13  Drone x2  
  46  4:25  Drone x3  
  46  4:26  Drone x2  
  51  4:44  Drone  
  51  4:45  Drone x2  
  52  4:46  Overlord  
  52  4:55  Spore Crawler  
  52  4:56  Spore Crawler, Queen  
  51  5:08  Drone  
  51  5:09  Drone x4  
  51  5:10  Queen  
  57  5:25  Drone x5  
  57  5:26  Drone  
  59  5:32  Drone x2  
  58  5:37  Lair, Extractor  
  57  5:46  Overlord x2, Queen  
  59  5:50  Metabolic Boost  
  59  5:51  Baneling Nest  
  56  6:05  Drone  
  56  6:06  Drone x6  
  58  6:16  Drone x3  
  56  6:37  Drone x6  
  55  6:42  Drone  
  55  6:43  Drone  
  51  6:59  Overseer  
  51  7:08  Queen x2  
  55  7:09  Nydus Network, Zergling x2  
  55  7:10  Zergling x10  
  55  7:13  Zergling x6  
  63  7:35  Drone x4  
  61  7:43  Queen x2  
  62  7:48  Nydus Canal  
  63  7:51  Zergling x8  
  63  7:52  Zergling x4  
  56  8:35  Roach Warren  
Show
View Real Time Build Order
Export as new Build Order

Exited Protoss 

Build Orders: Mass Adepts, Zealot Archon 

Get SALT Encoding   

  12  0:00  Probe  
  13  0:13  Probe  
  14  0:19  Pylon  
  14  0:25  Probe  
  15  0:36  Probe  
  16  0:43  Gateway  
  16  0:45  Probe  
  17  0:50  Assimilator  
  17  0:53  Probe  
  18  1:03  Probe  
  19  1:15  Probe, Pylon  
  20  1:22  Zealot  
  20  1:23  Gateway  
  22  1:41  Probe  
  23  1:58  Zealot  
  23  2:00  Cybernetics Core  
  23  2:10  Zealot  
  24  2:21  Probe  
  23  2:33  Probe  
  23  2:34  Assimilator  
  23  2:36  Adept  
  25  2:37  Adept  
  25  2:41  Gateway  
  27  2:51  Warp Gate  
  28  2:58  Probe  
  28  3:03  Twilight Council  
  28  3:12  Probe  
  29  3:17  Pylon  
  29  3:24  Probe  
  30  3:35  Adept x2  
  30  4:03  Probe  
  30  4:06  Dark Shrine  
  30  4:08  Pylon  
  31  4:12  Adept  
  31  4:13  Adept x2  
  37  4:25  Pylon  
  35  4:38  Resonating Glaives  
  35  4:51  Gateway  
  31  4:53  Adept x3  
  33  5:38  Adept x3  
  37  5:47  Adept, Robotics Facility  
  39  5:51  Shield Battery  
  29  6:20  Adept  
  29  6:21  Adept x3  
  31  6:45  Dark Templar x4  
  33  7:05  Warp Prism  
  35  7:10  Archon x2  
  35  7:18  Adept x4  
  43  7:42  Adept  
  43  7:43  Adept x3  
  32  8:14  Adept  
  32  8:18  Dark Templar  
  25  8:21  Dark Templar  
Tags
 
Add a new tag
Caveats
  • Supply blocks, unpowered buildings, or Contaminate may cause inaccurate times.
  • Supply counts are checked every 10 seconds.